 Dungeon Crawl Stone Soup version 0.28.0 (webtiles) character file.

Game seed: 17053477926381142187

7 Sanktem7 the Sneak (level 1, 0/9 HPs)
             Began as a Spriggan Enchanter on Feb 8, 2022.
             Slain by an adder (3 damage)
             ... on level 2 of the Dungeon.
             The game lasted 00:01:53 (651 turns).

Sanktem7 the Sneak (Spriggan Enchanter)              Turns: 651, Time: 00:01:54

Health: 0/9        AC:  2    Str:  4    XL:     1   Next: 91%
Magic:  5/5        EV: 17    Int: 16    God:
Gold:   14         SH:  0    Dex: 15    Spells: 5/5 levels left

rFire   . . .      SeeInvis +   a - +1 dagger
rCold   . . .      Faith    .   (no shield)
rNeg    . . .      Spirit   .   b - +0 robe
rPois   .          Reflect  .   (helmet restricted)
rElec   .          Harm     .   (no cloak)
rCorr   .          Rampage  .   (gloves unavailable)
Will    .....                   (boots unavailable)
Stlth   +++.......              (no amulet)
HPRegen 0.03/turn               (no ring)
MPRegen 0.09/turn               (no ring)

@: very quick
A: very small, no large weapons, unfitting armour, see invisible, speed 3
a: no special abilities


You were on level 2 of the Dungeon.
You visited 1 branch of the dungeon, and saw 2 of its levels.

You collected 14 gold pieces.

Inventory:

Hand Weapons
 a - a +1 dagger (weapon)
Armour
 b - a +0 robe (worn)
Scrolls
 d - a scroll of immolation {unknown}
 f - 3 scrolls of identify {unknown}
 g - a scroll of noise {unknown}
Potions
 c - a potion of invisibility
 e - 2 potions of heal wounds {unknown}


   Skills:
 - Level 1.1 Short Blades
 + Level 2.8 Dodging
 * Level 4.9 Stealth
 + Level 2.7 Spellcasting
 * Level 3.9 Hexes


You had 5 spell levels left.
You didn't know any spells.
Your spell library contained the following spells:

 Spells                   Type           Power      Damage    Failure   Level
 Confusing Touch          Hex            14%        N/A       12%         3
 Tukima's Dance           Hex            14%        N/A       12%         3
 Ensorcelled Hibernation  Hex/Ice        16%        N/A       13%         2
 Dazzling Flash           Conj/Hex       16%        N/A       26%         3
 Inner Flame              Hex/Fire       8%         N/A       26%         3
 Cause Fear               Hex            7%         N/A       36%         4
 Discord                  Hex            7%         N/A       100%        8


Dungeon Overview and Level Annotations

Branches:
Dungeon (1/15)

Altars:

Annotations:
D:2 Jessica


Innate Abilities, Weirdness & Mutations

You are very small and have problems with some larger weapons.
You are too small for most types of armour.
You have supernaturally acute eyesight. (SInv)
You cover ground extremely quickly. (Speed+++)


Message History

You kill the quokka!
The rat closely misses you.
Unknown command.
You hit the rat.
You kill the rat!
You see here a rat corpse.
f - 3 scrolls labelled MOCEOGU XOESUANT
g - a scroll labelled UMOVYITHROXO You see here a rat skeleton.
You see here a quokka skeleton.
Jessica the Apprentice Sorceress comes into view.
She is wielding a +0 dagger and carrying a wand of flame (21).
Jessica is nearby!
Jessica shouts!
Jessica zaps a wand.
The puff of flame misses you.
You see here a quokka skeleton.
You see here a rat skeleton.
Jessica mumbles some strange words.
Jessica blinks!
You open the door.
Jessica gestures wildly while chanting.
Jessica blinks!
There is an open door here.
Jessica mumbles some strange words.
Jessica seems to speed up.
Jessica zaps a wand.
The puff of flame hits you!
Ouch! That really hurt!
* * * LOW HITPOINT WARNING * * *
A worm comes into view.
An adder comes into view.
Jessica casts a spell.
Jessica blinks!
Found a scroll labelled MOCEOGU XOESUANT.
Jessica zaps a wand.
The puff of flame misses you. The adder barely misses you.
The worm closely misses you. The adder closely misses you.
You miss the adder. The adder bites you but does no damage.
You miss the adder. The adder completely misses you.
The worm barely misses you.
You barely miss the adder. The adder bites you.
You die...

.....'.)..รท........[.?..@...#
.....########.#....######...#
.....# #@#.#.## ..# ######
#.#.#.# ## #.###.# #..##.#
##.# ?# #.##.## #..@..#
##wS..# #........ #...#?.##
##..#.... #..# #### #..# ...#


You could see a worm and an adder.

Vanquished Creatures
  A ball python (D:2)
  A bat (D:2)
  A hobgoblin (D:2)
  A quokka (D:2)
  A goblin (D:2)
  2 rats (D:2)
7 creatures vanquished.

Notes
Turn   | Place    | Note
-------+----------+-------------------------------------------
     0 | D:1      | Sanktem7 the Spriggan Enchanter began the quest for the
                  | Orb.
     0 | D:1      | Reached XP level 1. HP: 9/9 MP: 5/5
    10 | D:1      | You fall into a shaft and drop 1 floor!
   604 | D:2      | Noticed Jessica
   651 | D:2      | Slain by an adder

Illustrated notes

Levels and vault maps discovered:
D:1:      evilmike_arrival_crescent, layout_basic, serial_curves,
          eino_curves_01, eino_curves_01, eino_curves_01, eino_curves_02
D:2:      layout_basic, minmay_misc_feat_five, uniq_jessica

Action                   || total
-------------------------++-------
Melee: Dagger            ||    26
 Stab: Sleeping          ||     2
Armor: Robe              ||     3
Dodge: Dodged            ||    24
